[Event "*** Biggest EVER Titled Tuesday"]
[Site "Chess.com"]
[Date "2018.04.17"]
[Round "2"]
[White "Too_Stupid_To_Play"]
[Black "2165149677570"]
[Result "0-1"]
[WhiteElo "2220"]
[BlackElo "2140"]
[TimeControl "180+2"]
[EndTime "13:20:11 PDT"]
[Termination "2165149677570 won by resignation"]

1. c4 Nf6 2. Nc3 e6 3. g3 d5 4. Bg2 d4 5. Ne4 Nxe4 6. Bxe4 c5 7. b4 cxb4 8. a3 Nc6 9. axb4 Nxb4 10. Qa4+ Bd7 11.
Qb3 Bc6 12. Bxc6+ bxc6 13. Nf3 d3 14. O-O Nc2 15. Ra6 dxe2 16. Qxc2 exf1=Q+ 17. Kxf1 Qd7 18. Ne5 Qb7 19. Rxc6 Be7 20. Qa4 O-O 21. f4 Rfc8 22.
Rxc8+ Rxc8 23. d3 Qh1+ 0-1

[Event "*** Biggest EVER Titled Tuesday"]
[Site "Chess.com"]
[Date "2018.04.17"]
[Round "2"]
[White "Salem-AR"]
[Black "BilodeauA"]
[Result "0-1"]
[WhiteElo "2692"]
[BlackElo "2630"]
[TimeControl "180+2"]
[EndTime "13:20:16 PDT"]
[Termination "BilodeauA won by resignation"]

1. e4 c5 2. Nf3 Nc6 3. d4 cxd4 4.
Nxd4 Nf6 5. Nc3 d6 6. Bg5 e6 7.
Qd2 a6 8. O-O-O Bd7 9. f3 Be7 10. h4 Rc8 11. Kb1 b5 12. Nxc6 Bxc6 13. Ne2 O-O 14. g4 Nxe4 15. fxe4 Bxe4 16. Bxe7 Qxe7 17.
Rh3 Rxc2 18. Qxc2 Bxc2+ 19. Kxc2 d5 20. Kb1 Qb4 21. Nd4 e5 22. Nf5 Qxg4 23. Ne3 Qg6+ 24. Bd3 e4 25. Nxd5 Qg4 26. Rhh1 exd3 27. Nf6+ gxf6 28. Rhg1 f5 29. Kc1 d2+ 0-1

[Event "*** Biggest EVER Titled Tuesday"]
[Site "Chess.com"]
[Date "2018.04.17"]
[Round "2"]
[White "Grootneus"]
[Black "pedroholly22"]
[Result "0-1"]
[WhiteElo "2096"]
[BlackElo "2226"]
[TimeControl "180+2"]
[EndTime "13:20:19 PDT"]
[Termination "pedroholly22 won by resignation"]

1. e4 c5 2. c3 g6 3. Nf3 Bg7 4. d4 cxd4 5. cxd4 d5 6. e5 Nh6 7. h3 Nc6 8. Bb5 O-O 9. Bxc6 bxc6 10. O-O f6 11. exf6 exf6 12. Nc3 Nf7 13. Bf4 Bf5 14.
Rc1 Rc8 15. Na4 Nd6 16. Bxd6 Qxd6 17. Nd2 Be6 18. Nb3 Bf7 19. Rc3 f5 20. Qc1 f4 21.
Rd1 Be6 22. Na5 Bd7 23. Qd2 f3 24. Rxf3 Rxf3 25. gxf3 Rf8 26. Re1 Rxf3 27. Nc5 Rxh3 28. Qg5 Qh2+ 29. Kf1 Qh1+ 30. Ke2 Qf3+ 31. Kd2 Bh6 32.
Qxh6 Qxf2+ 33. Kd1 Bg4+ 0-1

[Event "*** Biggest EVER Titled Tuesday"]
[Site "Chess.com"]
[Date "2018.04.17"]
[Round "2"]
[White "FastChance"]
[Black "talento10"]
[Result "1-0"]
[WhiteElo "2693"]
[BlackElo "2341"]
[TimeControl "180+2"]
[EndTime "13:20:22 PDT"]
[Termination "FastChance won on time"]

1. e4 c5 2. Nf3 d6 3. d4 cxd4 4. Nxd4 Nf6 5. f3 g6 6. c4 Bg7 7. Nc3 O-O 8. Be3 Nc6 9. Be2 Nd7 10. Qd2 Nxd4 11. Bxd4 Bxd4 12. Qxd4 Qb6 13. Qd2 Nf6 14. h4 h5 15. Nd5 Nxd5 16. cxd5 e6 17. Bc4 Kg7 18.
O-O-O e5 19. Kb1 Bd7 20. Be2 Qf2 21. g4 Rh8 22. Rdf1 Qg3 23. gxh5 Rxh5 24. f4 Rxh4 25. Rhg1 Qh2 26. f5 Rah8 27. fxg6 fxg6 28. Qg5 1-0

[Event "*** Biggest EVER Titled Tuesday"]
[Site "Chess.com"]
[Date "2018.04.17"]
[Round "2"]
[White "kikoveiga"]
[Black "Generalas"]
[Result "1-0"]
[WhiteElo "2189"]
[BlackElo "2144"]
[TimeControl "180+2"]
[EndTime "13:20:25 PDT"]
[Termination "kikoveiga won by resignation"]

1. e4 e5 2. Nf3 Nc6 3. Bb5 a6 4. Ba4 Nf6 5. O-O Be7 6. d3 b5 7. Bb3 O-O 8. c3 d6 9. Nbd2 Na5 10. Bc2 c5 11. Re1 Re8 12. Nf1 Bf8 13. Ng3 g6 14. h3 Bg7 15. Be3 Nc6 16. Qd2 d5 17. Bh6 Bh8 18. Ng5 Bb7 19. a4 c4 20. exd5 Qxd5 21.
N5e4 Rad8 22. dxc4 Qxd2 23. Nxd2 b4 24. Nde4 Nxe4 25. Nxe4 f5 26. Ng5 bxc3 27. bxc3 Rd2 28. Bb3 Rb2 29. Rab1 Rxb1 30. Rxb1 Na5 31. Ba2 Bg7 32.
c5+ Kh8 33. Nf7+ Kg8 34. Nd6+ Kh8 35. Bxg7+ Kxg7 36. Nxe8+ 1-0

[Event "*** Biggest EVER Titled Tuesday"]
[Site "Chess.com"]
[Date "2018.04.17"]
[Round "2"]
[White "LawrenceTrent"]
[Black "HarutyunianTigranK"]
[Result "1-0"]
[WhiteElo "2515"]
[BlackElo "2691"]
[TimeControl "180+2"]
[EndTime "13:20:26 PDT"]
[Termination "LawrenceTrent won by resignation"]

1. d4 Nf6 2. Bg5 e6 3. e4 h6 4.
Bxf6 Qxf6 5. c3 Nc6 6. Bd3 e5 7. d5 Bc5 8. Qf3 Ne7 9. Qxf6 gxf6 10. Nd2 d6 11. b4 Bb6 12. Nc4 f5 13. a4 fxe4 14.
Bxe4 a6 15. Nxb6 cxb6 16. f4 f5 17. Bf3 e4 18. Bh5+ Kd8 19. Ne2 Nxd5 20. O-O-O Ne3 21. Rxd6+ Kc7 22. Rg6 Bd7 23. Rg3 Nc4 24. Bf7 Nd6 25.
Bb3 b5 26. a5 Nc4 27. Rd1 Rag8 28. Rxg8 Rxg8 29. g3 h5 30. Rd4 Ne3 31. Bxg8 1-0

[Event "*** Biggest EVER Titled Tuesday"]
[Site "Chess.com"]
[Date "2018.04.17"]
[Round "2"]
[White "Godzillator"]
[Black "BjarkeSahl"]
[Result "1/2-1/2"]
[WhiteElo "2279"]
[BlackElo "2210"]
[TimeControl "180+2"]
[EndTime "13:20:27 PDT"]
[Termination "Game drawn by repetition"]

1. d4 Nf6 2. c4 e6 3. Nc3 d5 4. cxd5 Nxd5 5. e4 Nxc3 6. bxc3 c5 7. Nf3 cxd4 8. cxd4 Bb4+ 9. Bd2 Bxd2+ 10. Qxd2 O-O 11.
Be2 b6 12. O-O Bb7 13. Qe3 Ba6 14. Bxa6 Nxa6 15. Rfd1 Rc8 16. Rac1 Qe7 17. Ne5 Qb7 18.
f3 Rxc1 19. Rxc1 Rc8 20. h3 Rxc1+ 21. Qxc1 Qc7 22. Qa3 Nb8 23. Qb2 f6 24. Ng4 h5 25.
Ne3 Qd7 26. d5 exd5 27. Nxd5 Qf7 28. Qc1 Nd7 29. Qc7 Ne5 30. Ne7+ Kh7 31. Qd8 Qxa2 32. Qe8 Qf7 33. Qd8 b5 34. Nf5 b4 35. Nd6 Qg6 36. Kh2 b3 37. Qb8 h4 38. Nf5 Qg5 39. Qxb3 Qf4+ 40. Kh1 Qc1+ 41. Kh2 Qf4+ 42. Kh1 Qc1+ 43. Kh2 Qf4+ 1/2-1/2

[Event "*** Biggest EVER Titled Tuesday"]
[Site "Chess.com"]
[Date "2018.04.17"]
[Round "2"]
[White "sandager"]
[Black "carokantor"]
[Result "1-0"]
[WhiteElo "1955"]
[BlackElo "1806"]
[TimeControl "180+2"]
[EndTime "13:20:27 PDT"]
[Termination "sandager won by checkmate"]

1. e4 c6 2. d4 d5 3. Nc3 dxe4 4.
Nxe4 Bf5 5. Ng3 Bg6 6. Nf3 Nd7 7. h4 h6 8. h5 Bh7 9. Bd3 Bxd3 10. Qxd3 Ngf6 11. Bd2 e6 12. O-O-O Bd6 13. Ne4 Nxe4 14.
Qxe4 Nf6 15. Qe2 Qc7 16. g3 O-O-O 17. Kb1 Rhe8 18. c4 c5 19. Bc3 cxd4 20. Nxd4 a6 21. Nb3 Qb6 22. Ba5 Qc6 23. Bxd8 Rxd8 24. c5 Bc7 25. Rxd8+ Bxd8 26. Rc1 Nd5 27. Qc4 Bg5 28. Rc2 Ne7 29. a3 Qf3 30. Nd4 Qd1+ 31. Ka2 Qxh5 32. c6 b5 33. Qc5 Qd1 34. Qa7 Nd5 35. Qd7+ Kb8 36. Qb7# 1-0

[Event "*** Biggest EVER Titled Tuesday"]
[Site "Chess.com"]
[Date "2018.04.17"]
[Round "2"]
[White "Blackmind96"]
[Black "Flawless2018"]
[Result "1-0"]
[WhiteElo "2610"]
[BlackElo "2484"]
[TimeControl "180+2"]
[EndTime "13:20:28 PDT"]
[Termination "Blackmind96 won by resignation"]

1. d4 Nf6 2. c4 e6 3. Nc3 Bb4 4. e3 O-O 5. Ne2 d5 6. a3 Be7 7. cxd5 exd5 8. g3 Nbd7 9. Bg2 Nb6 10. O-O Re8 11. f3 Bd6 12. e4 c5 13. Be3 dxe4 14.
dxc5 Nc4 15. Bd4 exf3 16. cxd6 fxe2 17. Nxe2 Ne3 18. Bxe3 Rxe3 19. Nf4 Qb6 20. Kh1 Bg4 21.
Nd5 Nxd5 22. Qxg4 Re5 23. Qf3 Nf6 24. Rad1 Qxb2 25. Qxb7 Rd8 26. Qxb2 1-0

[Event "*** Biggest EVER Titled Tuesday"]
[Site "Chess.com"]
[Date "2018.04.17"]
[Round "2"]
[White "OK97"]
[Black "SCIM"]
[Result "1-0"]
[WhiteElo "2576"]
[BlackElo "2355"]
[TimeControl "180+2"]
[EndTime "13:20:30 PDT"]
[Termination "OK97 won by resignation"]

1. d4 Nf6 2. Nf3 g6 3. Bg5 Bg7 4. Nbd2 d5 5. c3 O-O 6. e3 Bg4 7. Be2 c6 8. O-O Nbd7 9. h3 Bxf3 10. Bxf3 e5 11. Qb3 Qb6 12. Qa3 Rfe8 13. b3 h6 14. Bh4 exd4 15. cxd4 Ne4 16. Bxe4 dxe4 17. Nc4 Qa6 18.
Qxa6 bxa6 19. Rac1 c5 20. d5 f5 21. Rfd1 Rab8 22. Bg3 Ra8 23. Nd6 Rf8 24. Nb7 Rac8 25. Rc2 g5 26. Bd6 Rf6 27. Be7 Rb6 28. Nd6 Ra8 29. Nxf5 a5 30. Bxc5 Rc8 31. Ne7+ 1-0

[Event "*** Biggest EVER Titled Tuesday"]
[Site "Chess.com"]
[Date "2018.04.17"]
[Round "2"]
[White "leclash"]
[Black "Illingworth"]
[Result "0-1"]
[WhiteElo "2345"]
[BlackElo "2732"]
[TimeControl "180+2"]
[EndTime "13:20:35 PDT"]
[Termination "Illingworth won by checkmate"]

1. d4 Nf6 2. c4 c5 3. d5 e6 4. Nc3 exd5 5. cxd5 d6 6. e4 g6 7.
Nge2 Bg7 8. Ng3 O-O 9. Be2 a6 10. a4 Re8 11. O-O Nbd7 12. Bg5 h6 13. Be3 h5 14. f3 h4 15. Nh1 Nh7 16. Qd2 f5 17. Nf2 Ne5 18. f4 Ng4 19. Nxg4 fxg4 20. e5 dxe5 21. Bxc5 Bf5 22. fxe5 Bxe5 23. Bd4 Qd6 24. Bxe5 Rxe5 25. Rae1 Rae8 26. Bd1 Qc5+ 27. Kh1 h3 28. gxh3 gxh3 29. Bf3 Nf6 30. Rxe5 Rxe5 31. Re1 Rxe1+ 32.
Qxe1 Qd4 33. Qd1 Qf2 34. d6 Ng4 35. Bd5+ Kg7 36. Qg1 Qf4 37. Qg3 Qc1+ 38. Qg1 Nf2# 0-1

[Event "*** Biggest EVER Titled Tuesday"]
[Site "Chess.com"]
[Date "2018.04.17"]
[Round "2"]
[White "ChadBiryani"]
[Black "calemcc"]
[Result "1-0"]
[WhiteElo "2247"]
[BlackElo "2242"]
[TimeControl "180+2"]
[EndTime "13:20:39 PDT"]
[Termination "ChadBiryani won by resignation"]

1. d4 d5 2. Bf4 Nf6 3. e3 c5 4.
dxc5 Nc6 5. Bb5 Bg4 6. Nf3 Qa5+ 7. Nc3 Qb4 8. Qd4 Qxb2 9. Rb1 Qa3 10. Nxd5 O-O-O 11. Bxc6 Qa5+ 12. Kf1 Qa6+ 13. Bb5 Qxa2 14. Nc3 Qxb1+ 15.
Nxb1 Rxd4 16. Nxd4 e6 17. Nb3 Ne4 18. f3 g5 19. Be5 f6 20. Bb2 Nxc5 21. Nxc5 Bxc5 22. fxg4 Bxe3 23. Ke2 Bc5 24. Bxf6 Rf8 25. Rf1 h6 26. Be5 Rd8 27. Nc3 Bd4 28. Bxd4 Rxd4 29. Bd3 1-0

[Event "*** Biggest EVER Titled Tuesday"]
[Site "Chess.com"]
[Date "2018.04.17"]
[Round "2"]
[White "bascheyaro"]
[Black "MaxLeto"]
[Result "1-0"]
[WhiteElo "2676"]
[BlackElo "2336"]
[TimeControl "180+2"]
[EndTime "13:20:42 PDT"]
[Termination "bascheyaro won on time"]

1. d4 g6 2. c4 Bg7 3. Nf3 b6 4. Nc3 Bb7 5. Bf4 d6 6. e3 e6 7. Be2 Nd7 8. O-O Ne7 9. Qc2 h6 10. Rfd1 a6 11. b4 O-O 12. c5 Bxf3 13. Bxf3 d5 14. Rac1 b5 15. a4 c6 16. Ra1 Qc8 17. Ra3 Qb7 18. Bd6 Rfe8 19. Rda1 Nf5 20. Bg3 e5 21.
axb5 axb5 22. Nxb5 Rxa3 23. Nxa3 exd4 24. Rb1 dxe3 25.
b5 Nd4 26. bxc6 Qxc6 27. Qa2 e2 28. Re1 Nxf3+ 29. gxf3 Qe6 30. Qc2 d4 31. c6 Nb6 32.
c7 Nd5 33. Rxe2 Qxe2 34. Qxe2 Rxe2 35. c8=Q+ Kh7 36. Qc4 Nc3 37. Qxf7 d3 38. Nc4 d2 39. Nxd2 Rxd2 40. Be5 Rd1+ 41. Kg2 1-0

[Event "*** Biggest EVER Titled Tuesday"]
[Site "Chess.com"]
[Date "2018.04.17"]
[Round "2"]
[White "sergeikim"]
[Black "Journey_to_GrandMaster_YT"]
[Result "0-1"]
[WhiteElo "2458"]
[BlackElo "2381"]
[TimeControl "180+2"]
[EndTime "13:20:43 PDT"]
[Termination "Journey_to_GrandMaster_YT won by resignation"]

1. d4 d5 2. c4 e6 3. Nc3 Bb4 4. Qc2 c5 5. e3 Nf6 6. Nf3 Nc6 7. dxc5 Ne4 8. Bd2 Nxd2 9. Nxd2 O-O 10. Bd3 h6 11.
O-O Bxc5 12. cxd5 exd5 13. a3 d4 14. Nce4 Bb6 15. Nc4 dxe3 16. Nxb6 Qxb6 17. fxe3 Qxe3+ 18. Kh1 Ne5 19. Bc4 Nxc4 20. Qxc4 Be6 21. Qc2 Rac8 22.
Qb1 Rfd8 23. Qe1 Qxe1 24. Rfxe1 Rc2 25. b4 b6 26. h3 Rd3 27. Rad1 Rxa3 28. Rd8+ Kh7 29.
Nd6 Raa2 30. Rg1 Bxh3 31. Nxf7 Bxg2+ 32. Kh2 Bd5+ 0-1

[Event "*** Biggest EVER Titled Tuesday"]
[Site "Chess.com"]
[Date "2018.04.17"]
[Round "2"]
[White "jlucasvf"]
[Black "Karina_Oparina"]
[Result "1-0"]
[WhiteElo "2094"]
[BlackElo "2135"]
[TimeControl "180+2"]
[EndTime "13:20:44 PDT"]
[Termination "jlucasvf won by resignation"]

1. e4 c6 2. d4 d5 3. exd5 cxd5 4. Bd3 Nc6 5. c3 Qc7 6. h3 g6 7. Qc2 Bg7 8. Ne2 Nh6 9. Bf4 Qb6 10. O-O Bf5 11.
Nd2 O-O 12. Rab1 f6 13. c4 Nb4 14. Bxf5 Nxc2 15. Bxc2 e5 16. Be3 Nf5 17. Bxf5 gxf5 18.
dxe5 Qa6 19. e6 dxc4 20. Nd4 Rfd8 21. e7 Rd7 22. Nxf5 Qe6 23. g4 b5 24. Rfe1 Rxe7 25.
Nxe7+ Qxe7 26. Nf3 h5 27. gxh5 f5 28. h6 Bf6 29.
Bf4 Qf7 30. Kh2 Kh7 31. Ng5+ Bxg5 32. Bxg5 Re8 33. Rbd1 Qc7+ 34. f4 Re4 35. Rxe4 fxe4 36. Rd5 b4 37. Re5 c3 38. bxc3 bxc3 39. Re7+ Qxe7 40.
Bxe7 c2 41. Ba3 Kxh6 42. Kg3 Kg6 43. Kf2 Kf5 44. Bc1 a5 45. Ke3 a4 46. a3 1-0

[Event "*** Biggest EVER Titled Tuesday"]
[Site "Chess.com"]
[Date "2018.04.17"]
[Round "2"]
[White "OparinGrigoriy"]
[Black "Denis0027"]
[Result "1-0"]
[WhiteElo "2860"]
[BlackElo "2516"]
[TimeControl "180+2"]
[EndTime "13:20:46 PDT"]
[Termination "OparinGrigoriy won by resignation"]

1. e4 c6 2. Nc3 d5 3. Nf3 Bg4 4. h3 Bxf3 5. Qxf3 Nf6 6. Be2 e6 7. O-O Nbd7 8. d4 dxe4 9. Nxe4 Nxe4 10. Qxe4 Nf6 11. Qd3 Bd6 12. Bf3 h6 13. c4 O-O 14.
b3 Qc7 15. Bb2 Rad8 16. Rfd1 Qa5 17. a3 Qg5 18. g3 Qf5 19. Qxf5 exf5 20. b4 Ne4 21.
Kg2 Rd7 22. g4 Ng5 23. gxf5 Nxf3 24. Kxf3 b5 25. d5 c5 26. bxc5 Bxc5 27. cxb5 Rb8 28. a4 a6 29. Be5 Bd6 30. Bxd6 Rxd6 31. Rab1 axb5 32. Rxb5 Re8 33. Kf4 g5+ 34. fxg6 fxg6 35. Kg3 Re5 36. h4 Kg7 37. a5 g5 38. h5 Re4 39.
Ra1 Rf6 40. a6 Rff4 41. Rb7+ Kf6 42. a7 Rg4+ 43. Kf3 Rgf4+ 44. Kg2 Re2 45. Ra6+ Kf5 46. Rf7+ Kg4 47. Rxf4+ 1-0

[Event "*** Biggest EVER Titled Tuesday"]
[Site "Chess.com"]
[Date "2018.04.17"]
[Round "2"]
[White "guillembaches"]
[Black "MrRooke6"]
[Result "0-1"]
[WhiteElo "2238"]
[BlackElo "2406"]
[TimeControl "180+2"]
[EndTime "13:20:46 PDT"]
[Termination "MrRooke6 won on time"]

1. d4 Nf6 2. Bf4 g6 3. Nc3 Bg7 4. e4 d6 5. Qd2 O-O 6. Bh6 c5 7. d5 e6 8. O-O-O exd5 9. exd5 Re8 10. Bxg7 Kxg7 11. h4 h5 12. Nf3 Bf5 13. Bd3 Bxd3 14. Qxd3 Nbd7 15. Rhe1 Qa5 16. Qb5 Qc7 17. Rxe8 Rxe8 18.
Re1 Rxe1+ 19. Nxe1 a6 20. Qe2 Ne5 21. Nd3 Neg4 22.
Nf4 b5 23. f3 Nh6 24. Ne4 Qe7 25. Kd2 Nf5 26. Qe1 Qe5 27. Nd3 Qxd5 28. Nxf6 Kxf6 29.
g4 Nd4 30. Qe8 Kg7 31. gxh5 Qxh5 0-1

[Event "*** Biggest EVER Titled Tuesday"]
[Site "Chess.com"]
[Date "2018.04.17"]
[Round "2"]
[White "PelinGorki"]
[Black "Ginger_GM"]
[Result "0-1"]
[WhiteElo "2407"]
[BlackElo "2465"]
[TimeControl "180+2"]
[EndTime "13:20:57 PDT"]
[Termination "Ginger_GM won by resignation"]

1. e4 e6 2. Nc3 d5 3. d4 Bb4 4. Ne2 Nc6 5. a3 Ba5 6. b4 Bb6 7. e5 f6 8. f4 Nh6 9. Na4 O-O 10. g3 fxe5 11. dxe5 Nxe5 12. Nxb6 Nf3+ 13. Kf2 axb6 14. Kxf3 e5 15. h3 Bf5 16. Nc3 d4 17. Bc4+ Kh8 18.
Ne2 Qd6 19. Kf2 c5 20. b5 e4 21. Kg1 Rad8 22. Kh2 e3 23. a4 Qg6 24. Bd3 Qh5 25. Bxf5 Rxf5 26. Kg2 Rff8 27. Bb2 Qd5+ 28. Kh2 Rf6 29. Qd3 Ng4+ 30. Kg1 Nf2 0-1

[Event "*** Biggest EVER Titled Tuesday"]
[Site "Chess.com"]
[Date "2018.04.17"]
[Round "2"]
[White "lachesisQ"]
[Black "Wraku89"]
[Result "1-0"]
[WhiteElo "2957"]
[BlackElo "2562"]
[TimeControl "180+2"]
[EndTime "13:20:59 PDT"]
[Termination "lachesisQ won by resignation"]

1. e3 d5 2. d4 Nf6 3. Nf3 Bf5 4. c4 e6 5. Nc3 Nc6 6. Nh4 Bg4 7.
Qb3 Bb4 8. h3 Bh5 9. g4 Ne4 10.
Nf3 Bg6 11. a3 Bxc3+ 12. bxc3 O-O 13. cxd5 exd5 14. Be2 Na5 15. Qb2 b6 16. h4 h5 17.
Ne5 Bh7 18. gxh5 c5 19. h6 gxh6 20. f3 Ng3 21. Rg1 Qxh4 22. Kf2 Kh8 23. Rxg3 Rae8 24. c4 Rxe5 25. e4 Rg8 26. Bf4 Reg5 27. dxc5+ R8g7 28. Bxg5 hxg5 29. cxd5 1-0

[Event "*** Biggest EVER Titled Tuesday"]
[Site "Chess.com"]
[Date "2018.04.17"]
[Round "2"]
[White "Oleksandr_Bortnyk"]
[Black "Alex_Molchanov"]
[Result "1-0"]
[WhiteElo "2797"]
[BlackElo "2534"]
[TimeControl "180+2"]
[EndTime "13:20:59 PDT"]
[Termination "Oleksandr_Bortnyk won by resignation"]

1. e4 c6 2. Nc3 d5 3. Nf3 a6 4. h3 g6 5. d4 Bg7 6. Bd3 h6 7. O-O e6 8. Bf4 Nd7 9. Re1 Ne7 10.
Qd2 b5 11. Re2 g5 12. Bd6 Nb6 13. Bc5 Nc4 14. Bxc4 bxc4 15. Bxe7 Kxe7 16. exd5 cxd5 17. Nxg5 Kf8 18. Nf3 Rb8 19. b3 cxb3 20. axb3 Qc7 21. Ne5 Rg8 22. Rae1 Rb6 23. Ng4 h5 24. Nxd5 Qd8 25.
Nxb6 Qxb6 26. Ne5 Bxe5 27. Rxe5 Bb7 28. Qh6+ Ke8 29. Rxe6+ 1-0

[Event "*** Biggest EVER Titled Tuesday"]
[Site "Chess.com"]
[Date "2018.04.17"]
[Round "2"]
[White "Zhuu96"]
[Black "rasmussvane"]
[Result "1-0"]
[WhiteElo "2727"]
[BlackElo "2595"]
[TimeControl "180+2"]
[EndTime "13:21:02 PDT"]
[Termination "Zhuu96 won by resignation"]

1. e4 c6 2. d4 d5 3. Nc3 dxe4 4. Nxe4 Nf6 5. Nxf6+ exf6 6. c3 Bd6 7. Bd3 O-O 8.
Qc2 Re8+ 9. Ne2 h5 10. Be3 Nd7 11. Ng3 Nb6 12. O-O-O Nd5 13. Rde1 Nf4 14. Bxf4 Bxf4+ 15. Kb1 h4 16. Nh5 Rxe1+ 17. Rxe1 Bd6 18. h3 Bd7 19.
Bc4 f5 20. Qb3 Be8 21. Qxb7 Rb8 22. Qxa7 Ra8 23. Rxe8+ Qxe8 24. Bxf7+ Kf8 25. Bxe8 Rxa7 26. Bxc6 Re7 27. b4 Re2 28. a4 Kf7 29. a5 Bc7 30. a6 Bb6 31. Nf4 Rxf2 32. Nd5 Ba7 33. b5 Rxg2 34. b6 1-0

[Event "*** Biggest EVER Titled Tuesday"]
[Site "Chess.com"]
[Date "2018.04.17"]
[Round "2"]
[White "Superfelix"]
[Black "DanielNaroditsky"]
[Result "0-1"]
[WhiteElo "2345"]
[BlackElo "2827"]
[TimeControl "180+2"]
[EndTime "13:21:02 PDT"]
[Termination "DanielNaroditsky won by resignation"]

1. e4 e5 2. Nf3 Nc6 3. d4 exd4 4. Nxd4 Bc5 5. Nf5 g6 6. Ne3 Nf6 7. Nc3 O-O 8. Bd3 d6 9. O-O Ne5 10. Be2 Re8 11. Kh1 h5 12. h3 Nc6 13. Bd3 h4 14.
Ned5 Nh5 15. Be2 Ng7 16. Be3 Bxe3 17. fxe3 Re5 18. Nf6+ Kh8 19. Qe1 g5 20. Bd3 Be6 21.
Qf2 Ne7 22. Ncd5 Ng6 23. Qf3 c6 24. Nc3 b5 25. a3 Qe7 26. Ne2 c5 27. Bxb5 Rb8 28.
c4 Qb7 29. Nc3 a6 30. Ba4 Bxc4 31. Rf2 Be6 32. Rd1 Qe7 33. Ncd5 Qd8 34. b4 c4 35. Rc1 Rc8 36. Rc3 Bxd5 37. exd5 Rf5 38. Qxf5 Nxf5 39.
Rxf5 Qe7 40. Ng4 Qe4 41. Rxf7 Ne5 42. Re7 Qb1+ 43. Kh2 Nxg4+ 44. hxg4 Qe1 45. Rc2 Qg3+ 46. Kh1 Qe1+ 47. Kh2 c3 48. Rf7 Qg3+ 49. Kh1 Qxg4 50. Rcf2 c2 51. Bxc2 h3 52. Bf5 hxg2+ 53. Rxg2 Rc1+ 54.
Kh2 Qh5+ 55. Bh3 Qxf7 0-1

[Event "*** Biggest EVER Titled Tuesday"]
[Site "Chess.com"]
[Date "2018.04.17"]
[Round "2"]
[White "bancsoo"]
[Black "kikydu96"]
[Result "1-0"]
[WhiteElo "2583"]
[BlackElo "2353"]
[TimeControl "180+2"]
[EndTime "13:21:03 PDT"]
[Termination "bancsoo won by resignation"]

1. Nf3 Nf6 2. d4 g6 3. Bf4 Bg7 4. e3 O-O 5. c3 d6 6. h3 c6 7. Be2 Qb6 8. Qc1 Nbd7 9. Nbd2 Re8 10. Bh2 e5 11. O-O exd4 12. Nc4 Qd8 13. Nxd6 dxe3 14.
Nxe8 exf2+ 15. Rxf2 Qxe8 16. Bc4 Qe7 17. Ng5 h6 18. Nxf7 Kh7 19. Nd6 Ne5 20. Bxe5 Qxe5 21. Qf4 Qc5 22. b4 Qb6 23. Re1 Bd7 24. Re7 Rf8 25.
Bf7 Nd5 26. Bxg6+ Kg8 27. Rxg7+ 1-0

[Event "*** Biggest EVER Titled Tuesday"]
[Site "Chess.com"]
[Date "2018.04.17"]
[Round "2"]
[White "kirillshevchenko"]
[Black "jlandaw"]
[Result "1-0"]
[WhiteElo "2300"]
[BlackElo "2400"]
[TimeControl "180+2"]
[EndTime "13:21:03 PDT"]
[Termination "kirillshevchenko won by resignation"]

1. d4 d5 2. c4 c6 3. Nf3 e6 4. e3 f5 5. b3 Bb4+ 6. Nbd2 Nf6 7.
Bd3 O-O 8. O-O Nbd7 9. Bb2 Ne4 10. Qc2 Rf6 11. Rfc1 Rh6 12. Nf1 Bd6 13. Ne5 Nxe5 14.
dxe5 Bf8 15. cxd5 exd5 16. f3 Ng5 17. Bxf5 Nxf3+ 18. gxf3 Qg5+ 19. Ng3 Qxe3+ 20. Kg2 Bxf5 21. Nxf5 Rg6+ 22. Ng3 Bc5 23. Qxc5 Rf8 24. Qxe3 1-0

[Event "*** Biggest EVER Titled Tuesday"]
[Site "Chess.com"]
[Date "2018.04.17"]
[Round "2"]
[White "Abdodi"]
[Black "KRASAVCHIK2002"]
[Result "0-1"]
[WhiteElo "2040"]
[BlackElo "1994"]
[TimeControl "180+2"]
[EndTime "13:21:07 PDT"]
[Termination "KRASAVCHIK2002 won by resignation"]

1. e4 c5 2. Nf3 d6 3. d3 g6 4. g3 Bg7 5. Bg2 Nc6 6. c3 e6 7.
O-O Nge7 8. Re1 Rb8 9. a4 O-O 10. Na3 a6 11. Nc4 b5 12. axb5 axb5 13. Ne3 d5 14.
Nc2 b4 15. e5 Bd7 16. h4 Qb6 17. Bf4 bxc3 18. bxc3 Nf5 19. Ng5 Rfd8 20. h5 h6 21. hxg6 hxg5 22. gxf7+ Kxf7 23. Qh5+ Kg8 24. Bxg5 Qb2 25.
Bxd8 Rxd8 26. Rec1 Qxc3 27. Qf3 Nxe5 28. Qh5 Nxd3 29. Qg5 Qf6 30. Qxf6 Bxf6 31. Rd1 Bxa1 32. Rxd3 Bf6 33. g4 Nd4 34. Ne3 Bb5 35. Rd1 Ne2+ 36. Kh1 Kg7 37. Bf3 Rh8+ 38. Kg2 Nf4+ 39. Kg3 Be5 0-1

[Event "*** Biggest EVER Titled Tuesday"]
[Site "Chess.com"]
[Date "2018.04.17"]
[Round "2"]
[White "Sebastian"]
[Black "johnathan113"]
[Result "1-0"]
[WhiteElo "2795"]
[BlackElo "2534"]
[TimeControl "180+2"]
[EndTime "13:21:15 PDT"]
[Termination "Sebastian won by resignation"]

1. d4 Nf6 2. Nf3 g6 3. e3 Bg7 4. Be2 O-O 5. O-O d6 6. c4 Nbd7 7. Nc3 e5 8. Qc2 Re8 9. Rd1 e4 10. Nd2 Qe7 11. b4 Nf8 12. Bb2 h5 13. Rac1 h4 14.
Nd5 Nxd5 15. cxd5 Qg5 16. Nxe4 Qxd5 17. Bf3 Qf5 18. h3 d5 19. Nc3 c6 20. Qxf5 Bxf5 21.
b5 Ne6 22. Ba3 Ng5 23. Be2 Rac8 24. bxc6 bxc6 25. Ba6 Rb8 26. Na4 Bd7 27. Bd6 Ne4 28. Bxb8 Rxb8 29. Rb1 Rd8 30. Bd3 Nd6 31. Nc5 Be8 32. Nb7 1-0

[Event "*** Biggest EVER Titled Tuesday"]
[Site "Chess.com"]
[Date "2018.04.17"]
[Round "2"]
[White "lupta_robin"]
[Black "patzerplay"]
[Result "0-1"]
[WhiteElo "2442"]
[BlackElo "2307"]
[TimeControl "180+2"]
[EndTime "13:21:16 PDT"]
[Termination "patzerplay won by resignation"]

1. e4 c5 2. Nf3 d6 3. d4 cxd4 4. Nxd4 Nf6 5. Nc3 a6 6. Bg5 e6 7. f4 Nc6 8. Qd2 h6 9. Bxf6 Qxf6 10. Nf3 Be7 11. O-O-O g5 12. g3 Bd7 13. e5 Qg7 14. exd6 Bf6 15. Kb1 b5 16. Bd3 Rc8 17. Rhe1 g4 18.
Ng1 b4 19. Na4 a5 20. Re4 Rb8 21. Bc4 Na7 22. Bb3 O-O 23. Nc5 Bc6 24. Rd4 Nb5 25.
Ne2 Bf3 26. Nxe6 fxe6 27. Bxe6+ Kh8 28. Rd5 Bxd5 29. Qxd5 Bxb2 0-1

[Event "*** Biggest EVER Titled Tuesday"]
[Site "Chess.com"]
[Date "2018.04.17"]
[Round "2"]
[White "TheLancer"]
[Black "goldenspine"]
[Result "0-1"]
[WhiteElo "2405"]
[BlackElo "2294"]
[TimeControl "180+2"]
[EndTime "13:21:19 PDT"]
[Termination "goldenspine won by resignation"]

1. e4 e6 2. d4 d5 3. Nc3 Bb4 4. e5 Ne7 5. a3 Bxc3+ 6. bxc3 c5 7. Nf3 Qa5 8. Bd2 Qa4 9. Qb1 a6 10. h4 Nbc6 11. Qb2 Bd7 12. h5 h6 13. Rh4 Nf5 14. Rf4 Rc8 15. Bd3 cxd4 16. cxd4 Na5 17. Bb4 Bb5 18. Bxf5 exf5 19. Rc1 Nc6 20. Bd6 Qc4 21. Ng1 Na5 22. c3 Qf1+ 23. Kd2 Nc4+ 24. Kc2 Ba4+ 25.
Kb1 Qd3+ 0-1

[Event "*** Biggest EVER Titled Tuesday"]
[Site "Chess.com"]
[Date "2018.04.17"]
[Round "2"]
[White "Andreikka"]
[Black "Gergo85"]
[Result "1-0"]
[WhiteElo "2806"]
[BlackElo "2547"]
[TimeControl "180+2"]
[EndTime "13:21:20 PDT"]
[Termination "Andreikka won by resignation"]

1. d4 f5 2. g3 Nf6 3. Bg2 e6 4. c4 d5 5. Nd2 Bd6 6. Nh3 O-O 7. O-O b6 8. Nf4 Bxf4 9. gxf4 Bb7 10. b3 Nbd7 11. Ba3 c5 12. Rc1 Rc8 13. dxc5 Nxc5 14. cxd5 Bxd5 15. Bxc5 bxc5 16. Nc4 Bxg2 17. Qxd8 Rfxd8 18.
Kxg2 Nd5 19. Kf3 Nb6 20. Rc2 Nxc4 21. Rxc4 Rd2 22. Ra4 h6 23. Rxa7 c4 24. Rg1 g5 25.
fxg5 h5 26. bxc4 Rxc4 27. Rb1 Rc3+ 28. e3 Rc8 29. Rbb7 e5 30. Rg7+ Kh8 31. Rgf7 Kg8 32. Rxf5 1-0